 Dungeon Crawl Stone Soup version 0.21.1-1-g345015f (webtiles) character file.

21572 tidbits the Martial Artist (level 12, -2/92 HPs)
             Began as a Gnoll Transmuter on Mar 8, 2018.
             Was a High Priest of Cheibriados.
             Killed by divine providence
             ... invoked by an orc priest
              (12 damage)
             ... on level 2 of the Orcish Mines.
             The game lasted 00:51:33 (4770 turns).

tidbits the Martial Artist (Gnoll Transmuter)       Turns: 4770, Time: 00:51:34

Health: -2/92      AC:  7    Str: 25      XL:     12   Next: 91%
Magic:  2/16       EV: 23    Int: 30      God:    Cheibriados [*****.]
Gold:   681        SH:  0    Dex: 32 (33) Spells: 8/29 levels left

rFire    x . .     SeeInvis .     - Unarmed
rCold    + . .     Gourm    .   (shield currently unavailable)
rNeg     . . .     Faith    .   B - +1 leather armour of the Sun {Regen+ MP-9 Dex+4 Slay+6}
rPois    +         Spirit   .   (helmet restricted)
rElec    .         Reflect  .   C - +0 cloak
rCorr    .         Harm     .   (gloves currently unavailable)
MR       .....     Clarity  +   F - +0 pair of boots
Stlth    +++++.....             (no amulet)
HPRegen  0.65/turn              q - ring of ice
MPRegen  0.15/turn              P - ring of poison resistance

@: blade hands (expiring), very slightly contaminated, very slow
A: distributed training, antennae 1, fangs 1, agile 1, clarity, deterioration 1,
strong nose
a: End Transformation, Bend Time, Temporal Distortion, Slouch, Step From Time,
Renounce Religion


You were on level 2 of the Orcish Mines.
You worshipped Cheibriados.
Cheibriados was extremely pleased with you.
You were not hungry.
You had blades for hands.
You visited 3 branches of the dungeon, and saw 15 of its levels.
You also visited: Sewer.

You collected 1463 gold pieces.
You spent 782 gold pieces at shops.

Inventory:

Hand Weapons
 d - a +4 dagger of freezing
   (You took it off a wight on level 9 of the Dungeon)
 h - the +6 arbalest "Damnation" {damnation}
   (You found it on level 9 of the Dungeon)
 i - the +3 long sword of Untimely Demise {pain, rN+}
   (You found it on level 9 of the Dungeon)

   In the hands of one skilled in necromantic magic, it inflicts extra damage on
   living creatures.
   It protects you from negative energy.
 x - a +0 broad axe
 A - a +0 blowgun
 R - the +5 mace "Ycat" {crush, rC+}
   (You found it on level 6 of the Dungeon)

   It inflicts extra damage upon your enemies.
   It protects you from cold.
 Y - a +2 war axe of freezing
   (You took it off a wight on level 9 of the Dungeon)
 Z - a +0 shortbow
Missiles
 n - a throwing net {!f}
 y - 19 tomahawks (quivered)
 W - 29 poisoned needles
 X - 167 arrows
Armour
 b - a +2 robe of magic resistance
   (You took it off Josephine on level 11 of the Dungeon)
 s - a +1 ring mail of cold resistance
   (You found it on level 3 of the Dungeon)
 B - the +1 leather armour of the Sun (worn) {Regen+ MP-9 Dex+4 Slay+6}
   (You found it on level 4 of the Dungeon)

   It affects your dexterity (+4).
   It affects your accuracy and damage with ranged weapons and melee attacks
   (+6).
   It affects your magic capacity (-9).
   It increases your rate of regeneration.
 C - a +0 cloak (worn)
 D - a +0 buckler (melded)
 F - a +0 pair of boots (worn)
Jewellery
 q - a ring of ice (left scythe-like blade)
   (You found it on level 4 of the Dungeon)
 u - an uncursed ring of protection from fire
   (You found it on level 3 of the Dungeon)
 I - an uncursed ring of see invisible
   (You found it on level 11 of the Dungeon)
 P - a ring of poison resistance (right scythe-like blade)
   (You found it on level 5 of the Dungeon)
Wands
 k - a wand of iceblast (8)
 G - a wand of polymorph (17)
 U - a wand of paralysis (2)
Scrolls
 e - 6 scrolls of teleportation
 f - 3 scrolls of fear
 r - 2 scrolls of remove curse
 L - 2 scrolls of noise {unknown}
 M - a scroll of brand weapon {unknown}
 N - 2 scrolls of blinking {unknown}
 O - a scroll of enchant weapon {unknown}
 Q - a scroll of magic mapping
Potions
 g - a potion of agility {unknown}
 l - 3 potions of might
 m - 7 potions of curing
 o - a potion of ambrosia {unknown}
 p - a potion of cancellation {unknown}
 t - a potion of lignification
 w - a potion of magic {unknown}
 z - a potion of invisibility
 E - 8 potions of heal wounds
 J - 3 potions of flight
 S - a potion of mutation {!q}
 T - 3 potions of brilliance
 V - a potion of berserk rage
Books
 a - a book of Changes

   Spells                             Type                      Level
   a - Beastly Appendage              Transmutation                1
   b - Sticks to Snakes               Transmutation                2
   c - Spider Form                    Transmutation/Poison         3
   d - Ice Form                       Ice/Transmutation            4
   e - Blade Hands                    Transmutation                5
 v - a book of Transfigurations
   (You found it on level 11 of the Dungeon)

   Spells                             Type                      Level
   a - Irradiate                      Conjuration/Transmutation    5
   b - Statue Form                    Transmutation/Earth          6
   c - Hydra Form                     Transmutation                6
   d - Dragon Form                    Transmutation                7
 K - a book of Burglary
   (You found it on level 7 of the Dungeon)

   Spells                             Type                      Level
   a - Swiftness                      Charms/Air                   2
   b - Passwall                       Transmutation/Earth          2
   c - Passage of Golubria            Translocation                4
   d - Lee's Rapid Deconstruction     Earth                        5
   e - Darkness                       Hexes                        6
   f - Invisibility                   Hexes                        6
Miscellaneous
 H - a box of beasts
Comestibles
 c - 11 rations


   Skills:
 + Level 8.1 Fighting
 + Level 7.6 Short Blades
 + Level 7.6 Long Blades
 + Level 7.6 Axes
 + Level 7.6 Maces & Flails
 + Level 7.6 Polearms
 + Level 7.6 Staves
 + Level 7.6 Slings
 + Level 7.6 Bows
 + Level 7.6 Crossbows
 + Level 7.6 Throwing
 + Level 7.6 Armour
 + Level 9.0 Dodging
 + Level 7.6 Stealth
 + Level 7.6 Shields
 + Level 10.0 Unarmed Combat
 + Level 9.2 Spellcasting
 + Level 6.3 Conjurations
 + Level 6.3 Hexes
 + Level 6.3 Charms
 + Level 6.3 Summonings
 + Level 6.3 Necromancy
 + Level 6.3 Translocations
 + Level 7.4 Transmutations
 + Level 6.3 Fire Magic
 + Level 6.3 Ice Magic
 + Level 6.3 Air Magic
 + Level 6.3 Earth Magic
 + Level 6.3 Poison Magic
 + Level 8.3 Invocations
 + Level 7.6 Evocations


You had 8 spell levels left.
You knew the following spells:

 Your Spells              Type           Power        Failure   Level  Hunger
e - Beastly Appendage     Tmut           ######       9%          1    None
h - Blade Hands           Tmut           ######....   34%         5    ####...
k - Sticks to Snakes      Tmut           ######..     10%         2    None
p - Passwall              Tmut/Erth      ######....   11%         2    None
s - Statue Form           Tmut/Erth      ######...    78%         6    #####..
R - Irradiate             Conj/Tmut      ######....   38%         5    ####...


Dungeon Overview and Level Annotations

Branches:
Dungeon (12/15)            Temple (1/1) D:7            Lair (0/6) D:10
    Orc (2/2) D:11            Elf (0/3) Orc:2

Altars:
Ashenzari
Cheibriados
Fedhas
Gozag
Hepliaklqana
Kikubaaqudgha
Makhleb
Okawaru
Ru
Sif Muna
Trog
Vehumet
Wu Jian
Yredelemnul
Zin
The Shining One
Beogh

Shops:
D:6 ?   Orc:1 (   Orc:2 !%%

Annotations:
D:10 1 runed door


Innate Abilities, Weirdness & Mutations

Your experience applies equally to all skills.
You have very sharp teeth.
Your uncanny sense of smell can sniff out nearby items.
You have a pair of small antennae on your head.
You are agile. (Dex +2)
You possess an exceptional clarity of mind.
Your body sometimes deteriorates upon taking damage.


Message History

Press: ? - help, Shift-Dir - straight line, f/p - orc warrior
Aim: an orc warrior, wielding a broad axe and wearing a plate armour You throw a tomahawk.
The tomahawk barely misses the orc warrior.
The orc knight shouts!
You hear a shout!
The orc knight roars a battlecry!
The orc warrior goes into a battle-frenzy!
You hear a shout!
Unknown command.
You hear a shout! x6
Casting: Blade Hands
Confirm with . or Enter, or press ? or * to list all spells.
The spell is very dangerous to cast!
Continue anyway?
Okay, then.
Unknown command.
Casting: Statue Form
Confirm with . or Enter, or press ? or * to list all spells.
You miscast Blade Hands.
You are very lightly contaminated with residual magic.
You smell something strange.
The orc warrior misses you.
Unknown command.
Casting: Blade Hands
Confirm with . or Enter, or press ? or * to list all spells.
Your hands turn into razor-sharp scythe blades.
Your +0 buckler melds into your body.
Unknown command.
You slice the orc warrior!!
The orc warrior is almost dead.
The orc warrior completely misses you.
You completely miss the orc warrior.
The orc warrior is almost dead.
The orc warrior misses you.
You slash the orc warrior!
You kill the orc warrior!
Cheibriados thoroughly appreciates the change of pace.
You can now step out of the time flow.
Cheibriados raises the support of your attributes as your movement slows.
You barely miss the orc knight.
You bite the orc knight, but do no damage.
You slice the orc knight!!
The orc knight is heavily wounded.
You hear a shout!
The orc knight barely misses you.
You slash the orc knight!
The orc knight is severely wounded.
The orc knight closely misses you.
You completely miss the orc knight.
The orc knight is severely wounded.
You slash the orc knight!
The orc knight is severely wounded.
The orc knight hits you with a broad axe!
You completely miss the orc knight.
The orc knight is severely wounded.
The orc knight roars a battlecry!
You hear a shout!
You barely miss the orc knight. You bite the orc knight.
The orc knight is severely wounded.
You slash the orc knight!
The orc knight is almost dead.
The orc knight roars a battlecry!
You hit the orc knight.
You kill the orc knight!
Cheibriados thoroughly appreciates the change of pace.
An ice devil comes into view.
You hit the ice devil but do no damage.
Your transformation is almost over.
The ice devil misses you.
Put on which piece of jewellery? (? for menu, Esc to quit)
You're wearing all the rings you can.
Remove which one? (? for menu, Esc to cancel) < or
I - a ring of see invisible; > or
P - a ring of poison resistance You remove your ring of see invisible.
The ice devil hits you! The ice devil freezes you!!
You feel more attuned to ice.
q - a ring of ice (left scythe-like blade)
You slash the ice devil! You bite the ice devil.
The ice devil is heavily wounded.
The ice devil hits you!
* * * LOW HITPOINT WARNING * * *
The ice devil freezes you! You resist.
* * * LOW HITPOINT WARNING * * *
You slash the ice devil!
The ice devil is severely wounded.
The ice devil misses you.
You slice the ice devil!!
You kill the ice devil!
Cheibriados appreciates the change of pace.
Your Dodging skill increases to level 9! 3 orc priests and an orc knight come into view.
The orc priest invokes the aid of Beogh against you.
Pain shoots through your body!
* * * LOW HITPOINT WARNING * * *
Your body deteriorates!
You feel clumsy.
The orc priest mumbles some strange prayers to Beogh against you.
Beogh smites you!
* * * LOW HITPOINT WARNING * * *
The orc priest calls down the wrath of Beogh upon you.
Beogh smites you!
You die...

#...............#.#
# #..............##
# ##.#....)).....#
#### #
###...#.....# #..#
##..####...... #.
##..#### #..#.# #.
##))###.## ..### ##
##))###...# #
##))###.#@#
##))###...#...#
##))###...###...#
##.)###...## #oo.#
##))......##{{
#o..# ##.[..#...##
#..o #.
##.).#†...##{{ #o#
.. #∩.#.....## { o(
#. #.....#..## #.


You could see an orc knight, an orc high priest (wandering), an orc warrior and
3 orc priests.

Vanquished Creatures
  An orc warlord (Orc:1)
  An ettin (Orc:1)
  Josephine (D:11)
  Erolcha (D:9)
  4 two-headed ogres
  A soul eater (Orc:2)
  A deep elf mage (D:9)
  An ugly thing (D:11)
  2 orc knights (Orc:2)
  3 cyclopes
  An orc sorcerer (Orc:1)
  3 ice devils (Orc:2)
  A komodo dragon (D:10)
  A troll (Orc:1)
  Grinder (D:3)
  Prince Ribbit (D:9)
  3 hippogriffs
  The ghost of Anonimus the Skirmisher, an amateur OgBe of Trog (D:3)
  4 wraiths (D:11)
  13 yaks
  A chaos spawn (Orc:2)
  2 wargs
  2 sky beasts
  24 orc warriors
  3 ice beasts
  2 phantoms
  A black bear (D:10)
  5 ogres
  4 centaurs
  A crocodile (D:10)
  3 big kobolds
  A bullfrog (D:10)
  A scorpion (D:10)
  4 killer bees (D:10)
  9 wights
  4 howler monkeys
  4 crimson imps
  3 bullfrog skeletons
  A centaur zombie (D:11)
  A gnoll shaman (D:10)
  21 orc priests
  3 hounds
  13 orc wizards
  2 iguanas
  2 worker ants
  A killer bee zombie (D:8)
  A hound zombie (D:7)
  6 gnolls
  10 adders
  6 river rats
  2 shadow imps (D:9)
  An adder zombie (D:9)
  3 adder skeletons
  2 worms
  3 dart slugs
  A leopard gecko (D:8)
  74 orcs
  7 ball pythons
  3 bats
  3 giant cockroaches
  7 goblins
  2 jackals (D:4)
  20 kobolds
  A quokka (D:2)
  3 frilled lizards
  2 jackal skeletons (D:10)
  A kobold skeleton (D:10)
  15 rats
  A plant (D:10)
337 creatures vanquished.

Vanquished Creatures (collateral kills)
  A yak (D:9)
  A big kobold (Sewer)
  A hound (D:4)
  An orc wizard (Orc:1)
  A river rat (Sewer)
  2 adders
  4 orcs
  6 rats (Sewer)
17 creatures vanquished.

Vanquished Creatures (others)
  A plant (D:10)
1 creature vanquished.

Grand Total: 355 creatures vanquished

Notes
Turn   | Place    | Note
-------+----------+-------------------------------------------
     0 | D:1      | tidbits the Gnoll Transmuter began the quest for the Orb.
     0 | D:1      | Reached XP level 1. HP: 17/17 MP: 6/6
   103 | D:1      | Reached XP level 2. HP: 21/23 MP: 5/7
   107 | D:1      | Learned a level 2 spell: Sticks to Snakes
   433 | D:2      | Reached skill level 5 in Spellcasting
   433 | D:2      | Reached XP level 3. HP: 20/28 MP: 4/9
   441 | D:2      | Learned a level 3 spell: Spider Form
   451 | D:2      | Reached skill level 1 in Short Blades
   451 | D:2      | Reached skill level 1 in Long Blades
   451 | D:2      | Reached skill level 1 in Axes
   451 | D:2      | Reached skill level 1 in Maces & Flails
   451 | D:2      | Reached skill level 1 in Polearms
   451 | D:2      | Reached skill level 1 in Staves
   451 | D:2      | Reached skill level 1 in Slings
   451 | D:2      | Reached skill level 1 in Bows
   451 | D:2      | Reached skill level 1 in Crossbows
   451 | D:2      | Reached skill level 1 in Throwing
   451 | D:2      | Reached skill level 1 in Armour
   451 | D:2      | Reached skill level 1 in Stealth
   451 | D:2      | Reached skill level 1 in Shields
   451 | D:2      | Reached skill level 1 in Invocations
   451 | D:2      | Reached skill level 1 in Evocations
   451 | D:2      | Reached XP level 4. HP: 14/34 MP: 3/11
   636 | D:3      | Noticed Anonimus's ghost (amateur OgBe)
   651 | D:3      | Killed Anonimus's ghost
   651 | D:3      | Reached skill level 3 in Fighting
   651 | D:3      | Reached skill level 1 in Conjurations
   651 | D:3      | Reached skill level 1 in Hexes
   651 | D:3      | Reached skill level 1 in Charms
   651 | D:3      | Reached skill level 1 in Summonings
   651 | D:3      | Reached skill level 1 in Necromancy
   651 | D:3      | Reached skill level 1 in Translocations
   651 | D:3      | Reached skill level 4 in Transmutations
   651 | D:3      | Reached skill level 1 in Fire Magic
   651 | D:3      | Reached skill level 1 in Ice Magic
   651 | D:3      | Reached skill level 1 in Air Magic
   651 | D:3      | Reached skill level 1 in Earth Magic
   651 | D:3      | Reached skill level 1 in Poison Magic
   651 | D:3      | Reached skill level 2 in Invocations
   651 | D:3      | Reached XP level 5. HP: 6/41 MP: 7/12
   651 | D:3      | Reached XP level 6. HP: 7/47 MP: 7/13
   711 | D:3      | Noticed Grinder
   736 | D:3      | Killed Grinder
   736 | D:3      | Reached skill level 2 in Short Blades
   736 | D:3      | Reached skill level 2 in Long Blades
   736 | D:3      | Reached skill level 2 in Axes
   736 | D:3      | Reached skill level 2 in Maces & Flails
   736 | D:3      | Reached skill level 2 in Polearms
   736 | D:3      | Reached skill level 2 in Staves
   736 | D:3      | Reached skill level 2 in Slings
   736 | D:3      | Reached skill level 2 in Bows
   736 | D:3      | Reached skill level 2 in Crossbows
   736 | D:3      | Reached skill level 2 in Throwing
   736 | D:3      | Reached skill level 2 in Armour
   736 | D:3      | Reached skill level 5 in Dodging
   736 | D:3      | Reached skill level 2 in Stealth
   736 | D:3      | Reached skill level 2 in Shields
   736 | D:3      | Reached skill level 2 in Evocations
   736 | D:3      | Reached XP level 7. HP: 51/52 MP: 8/15
   818 | D:4      | Reached skill level 7 in Unarmed Combat
   852 | D:4      | Got a dazzling leather armour
   872 | D:4      | Identified the +1 leather armour of the Sun {Regen+ MP-9 Dex+4 Slay+6} (You found it on level 4 of the Dungeon)
   882 | D:5      | Entered Level 5 of the Dungeon
   929 | D:5      | Reached skill level 2 in Conjurations
   929 | D:5      | Reached skill level 2 in Hexes
   929 | D:5      | Reached skill level 2 in Charms
   929 | D:5      | Reached skill level 2 in Summonings
   929 | D:5      | Reached skill level 2 in Necromancy
   929 | D:5      | Reached skill level 2 in Translocations
   929 | D:5      | Reached skill level 2 in Fire Magic
   929 | D:5      | Reached skill level 2 in Ice Magic
   929 | D:5      | Reached skill level 2 in Air Magic
   929 | D:5      | Reached skill level 2 in Earth Magic
   929 | D:5      | Reached skill level 2 in Poison Magic
   962 | D:5      | Got a heavily runed leather armour
  1037 | D:5      | Identified the cursed +0 leather armour "Tulollixko" {+Blink Str+2} (You found it on level 5 of the Dungeon)
  1081 | D:5      | Learned a level 5 spell: Blade Hands
  1166 | D:6      | Reached skill level 3 in Invocations
  1177 | D:6      | Reached XP level 8. HP: 54/60 MP: 4/16
  1199 | D:6      | Reached skill level 4 in Fighting
  1199 | D:6      | Reached skill level 3 in Short Blades
  1199 | D:6      | Reached skill level 3 in Long Blades
  1199 | D:6      | Reached skill level 3 in Axes
  1199 | D:6      | Reached skill level 3 in Maces & Flails
  1199 | D:6      | Reached skill level 3 in Polearms
  1199 | D:6      | Reached skill level 3 in Staves
  1199 | D:6      | Reached skill level 3 in Slings
  1199 | D:6      | Reached skill level 3 in Bows
  1199 | D:6      | Reached skill level 3 in Crossbows
  1199 | D:6      | Reached skill level 3 in Throwing
  1199 | D:6      | Reached skill level 3 in Armour
  1199 | D:6      | Reached skill level 3 in Stealth
  1199 | D:6      | Reached skill level 3 in Shields
  1199 | D:6      | Reached skill level 3 in Evocations
  1223 | D:6      | Found a glowing drain.
  1243 | Sewer    | Entered a sewer
  1436 | Sewer    | Reached skill level 6 in Spellcasting
  1782 | D:7      | Learned a level 2 spell: Passwall
  1882 | D:7      | Reached skill level 4 in Invocations
  1886 | D:7      | Reached skill level 3 in Conjurations
  1886 | D:7      | Reached skill level 3 in Hexes
  1886 | D:7      | Reached skill level 3 in Charms
  1886 | D:7      | Reached skill level 3 in Summonings
  1886 | D:7      | Reached skill level 3 in Necromancy
  1886 | D:7      | Reached skill level 3 in Translocations
  1886 | D:7      | Reached skill level 3 in Fire Magic
  1886 | D:7      | Reached skill level 3 in Ice Magic
  1886 | D:7      | Reached skill level 3 in Air Magic
  1886 | D:7      | Reached skill level 3 in Earth Magic
  1886 | D:7      | Reached skill level 3 in Poison Magic
  1909 | D:7      | Found a staircase to the Ecumenical Temple.
  1918 | Temple   | Entered the Ecumenical Temple
  1966 | Temple   | Became a worshipper of Cheibriados the Contemplative
  2042 | D:7      | Reached skill level 6 in Dodging
  2042 | D:7      | Reached XP level 9. HP: 66/66 MP: 5/18
  2081 | D:7      | Reached skill level 5 in Transmutations
  2086 | D:6      | Found Eco Dyur's Magic Scroll Emporium.
  2108 | D:6      | Bought a scroll of magic mapping for 52 gold pieces
  2108 | D:6      | Bought a scroll of teleportation for 45 gold pieces
  2108 | D:6      | Bought a scroll of magic mapping for 52 gold pieces
  2108 | D:6      | Bought a scroll of teleportation for 45 gold pieces
  2117 | D:6      | Got an encrusted mace
  2318 | D:8      | Reached skill level 4 in Short Blades
  2318 | D:8      | Reached skill level 4 in Long Blades
  2318 | D:8      | Reached skill level 4 in Axes
  2318 | D:8      | Reached skill level 4 in Maces & Flails
  2318 | D:8      | Reached skill level 4 in Polearms
  2318 | D:8      | Reached skill level 4 in Staves
  2318 | D:8      | Reached skill level 4 in Slings
  2318 | D:8      | Reached skill level 4 in Bows
  2318 | D:8      | Reached skill level 4 in Crossbows
  2318 | D:8      | Reached skill level 4 in Throwing
  2318 | D:8      | Reached skill level 4 in Armour
  2318 | D:8      | Reached skill level 4 in Stealth
  2318 | D:8      | Reached skill level 4 in Shields
  2318 | D:8      | Reached skill level 4 in Evocations
  2327 | D:8      | Reached * piety under Cheibriados
  2433 | D:9      | Reached skill level 5 in Fighting
  2511 | D:9      | Noticed a deep elf mage
  2526 | D:9      | Killed a deep elf mage
  2526 | D:9      | Reached skill level 8 in Unarmed Combat
  2541 | D:9      | Reached skill level 5 in Invocations
  2542 | D:9      | Got a slimy long sword
  2543 | D:9      | Identified the cursed +3 long sword of Untimely Demise {pain, rN+} (You found it on level 9 of the Dungeon)
  2568 | D:9      | Noticed a cyclops
  2578 | D:9      | Killed a cyclops
  2578 | D:9      | Reached XP level 10. HP: 48/74 MP: 9/20
  2586 | D:9      | Noticed a two-headed ogre
  2592 | D:9      | Killed a two-headed ogre
  2592 | D:9      | Reached skill level 5 in Short Blades
  2592 | D:9      | Reached skill level 5 in Long Blades
  2592 | D:9      | Reached skill level 5 in Axes
  2592 | D:9      | Reached skill level 5 in Maces & Flails
  2592 | D:9      | Reached skill level 5 in Polearms
  2592 | D:9      | Reached skill level 5 in Staves
  2592 | D:9      | Reached skill level 5 in Slings
  2592 | D:9      | Reached skill level 5 in Bows
  2592 | D:9      | Reached skill level 5 in Crossbows
  2592 | D:9      | Reached skill level 5 in Throwing
  2592 | D:9      | Reached skill level 5 in Armour
  2592 | D:9      | Reached skill level 5 in Stealth
  2592 | D:9      | Reached skill level 5 in Shields
  2592 | D:9      | Reached skill level 7 in Spellcasting
  2592 | D:9      | Reached skill level 4 in Conjurations
  2592 | D:9      | Reached skill level 4 in Hexes
  2592 | D:9      | Reached skill level 4 in Charms
  2592 | D:9      | Reached skill level 4 in Summonings
  2592 | D:9      | Reached skill level 4 in Necromancy
  2592 | D:9      | Reached skill level 4 in Translocations
  2592 | D:9      | Reached skill level 4 in Fire Magic
  2592 | D:9      | Reached skill level 4 in Ice Magic
  2592 | D:9      | Reached skill level 4 in Air Magic
  2592 | D:9      | Reached skill level 4 in Earth Magic
  2592 | D:9      | Reached skill level 4 in Poison Magic
  2592 | D:9      | Reached skill level 5 in Evocations
  2635 | D:9      | Identified the +5 mace "Ycat" {crush, rC+} (You found it on level 6 of the Dungeon)
  2691 | D:9      | Noticed Erolcha
  2701 | D:9      | Killed Erolcha
  2701 | D:9      | Reached skill level 7 in Dodging
  2810 | D:9      | Reached skill level 6 in Fighting
  2825 | D:9      | Reached skill level 6 in Transmutations
  2825 | D:9      | Reached skill level 6 in Invocations
  2832 | D:10     | Entered Level 10 of the Dungeon
  2844 | D:10     | Reached ** piety under Cheibriados
  2921 | D:11     | Reached XP level 11. HP: 79/82 MP: 3/22
  2992 | D:11     | Noticed a two-headed ogre
  3008 | D:11     | Killed a two-headed ogre
  3073 | D:10     | Found a staircase to the Lair.
  3082 | D:10     | Reached skill level 9 in Unarmed Combat
  3094 | D:10     | Reached skill level 6 in Short Blades
  3094 | D:10     | Reached skill level 6 in Long Blades
  3094 | D:10     | Reached skill level 6 in Axes
  3094 | D:10     | Reached skill level 6 in Maces & Flails
  3094 | D:10     | Reached skill level 6 in Polearms
  3094 | D:10     | Reached skill level 6 in Staves
  3094 | D:10     | Reached skill level 6 in Slings
  3094 | D:10     | Reached skill level 6 in Bows
  3094 | D:10     | Reached skill level 6 in Crossbows
  3094 | D:10     | Reached skill level 6 in Throwing
  3094 | D:10     | Reached skill level 6 in Armour
  3094 | D:10     | Reached skill level 6 in Stealth
  3094 | D:10     | Reached skill level 6 in Shields
  3094 | D:10     | Reached skill level 6 in Evocations
  3137 | D:10     | Noticed a two-headed ogre
  3146 | D:10     | Killed a two-headed ogre
  3146 | D:10     | Reached skill level 8 in Spellcasting
  3146 | D:10     | Reached skill level 5 in Conjurations
  3146 | D:10     | Reached skill level 5 in Hexes
  3146 | D:10     | Reached skill level 5 in Charms
  3146 | D:10     | Reached skill level 5 in Summonings
  3146 | D:10     | Reached skill level 5 in Necromancy
  3146 | D:10     | Reached skill level 5 in Translocations
  3146 | D:10     | Reached skill level 5 in Fire Magic
  3146 | D:10     | Reached skill level 5 in Ice Magic
  3146 | D:10     | Reached skill level 5 in Air Magic
  3146 | D:10     | Reached skill level 5 in Earth Magic
  3146 | D:10     | Reached skill level 5 in Poison Magic
  3232 | D:10     | Reached *** piety under Cheibriados
  3375 | D:11     | Noticed Josephine
  3385 | D:11     | Killed Josephine
  3413 | D:11     | Reached skill level 7 in Invocations
  3470 | D:11     | Noticed a cyclops
  3481 | D:11     | Killed a cyclops
  3481 | D:11     | Reached skill level 7 in Fighting
  3481 | D:11     | Reached skill level 8 in Dodging
  3520 | D:11     | Noticed a cyclops
  3527 | D:11     | Noticed a white ugly thing
  3539 | D:11     | Killed a cyclops
  3542 | D:11     | Killed a white ugly thing
  3567 | D:11     | Learned a level 6 spell: Statue Form
  3596 | D:10     | Reached **** piety under Cheibriados
  3624 | D:9      | Noticed Prince Ribbit
  3631 | D:9      | Killed Prince Ribbit
  3680 | D:9      | Found the +6 arbalest "Damnation" {damnation}
  3718 | D:10     | Found a runed door.
  3739 | D:10     | Found a basalt altar of Yredelemnul.
  3816 | D:10     | Noticed a two-headed ogre
  3818 | D:10     | Killed a two-headed ogre
  3818 | D:10     | Reached XP level 12. HP: 91/91 MP: 9/24
  3932 | D:11     | Found a staircase to the Orcish Mines.
  3949 | D:11     | Learned a level 5 spell: Irradiate
  3950 | Orc:1    | Entered Level 1 of the Orcish Mines
  3950 | Orc:1    | Found Resh's Antique Weapon Shop.
  3998 | Orc:1    | Reached ***** piety under Cheibriados
  4013 | Orc:1    | Reached skill level 7 in Transmutations
  4044 | Orc:1    | Noticed an ettin
  4107 | Orc:1    | Killed an ettin
  4107 | Orc:1    | Reached skill level 7 in Short Blades
  4107 | Orc:1    | Reached skill level 7 in Long Blades
  4107 | Orc:1    | Reached skill level 7 in Axes
  4107 | Orc:1    | Reached skill level 7 in Maces & Flails
  4107 | Orc:1    | Reached skill level 7 in Polearms
  4107 | Orc:1    | Reached skill level 7 in Staves
  4107 | Orc:1    | Reached skill level 7 in Slings
  4107 | Orc:1    | Reached skill level 7 in Bows
  4107 | Orc:1    | Reached skill level 7 in Crossbows
  4107 | Orc:1    | Reached skill level 7 in Throwing
  4107 | Orc:1    | Reached skill level 7 in Armour
  4107 | Orc:1    | Reached skill level 7 in Stealth
  4107 | Orc:1    | Reached skill level 7 in Shields
  4107 | Orc:1    | Reached skill level 7 in Evocations
  4160 | Orc:1    | Noticed an orc warlord
  4173 | Orc:2    | Entered Level 2 of the Orcish Mines
  4191 | Orc:1    | Killed an orc warlord
  4191 | Orc:1    | Reached skill level 6 in Conjurations
  4191 | Orc:1    | Reached skill level 6 in Hexes
  4191 | Orc:1    | Reached skill level 6 in Charms
  4191 | Orc:1    | Reached skill level 6 in Summonings
  4191 | Orc:1    | Reached skill level 6 in Necromancy
  4191 | Orc:1    | Reached skill level 6 in Translocations
  4191 | Orc:1    | Reached skill level 6 in Fire Magic
  4191 | Orc:1    | Reached skill level 6 in Ice Magic
  4191 | Orc:1    | Reached skill level 6 in Air Magic
  4191 | Orc:1    | Reached skill level 6 in Earth Magic
  4191 | Orc:1    | Reached skill level 6 in Poison Magic
  4249 | Orc:2    | Found Esead's Distillery.
  4276 | Orc:2    | Bought a potion of heal wounds for 70 gold pieces
  4276 | Orc:2    | Bought a potion of brilliance for 56 gold pieces
  4276 | Orc:2    | Bought 2 potions of mutation for 224 gold pieces
  4276 | Orc:2    | Bought a potion of heal wounds for 70 gold pieces
  4276 | Orc:2    | Bought 2 potions of might for 112 gold pieces
  4276 | Orc:2    | Bought a potion of brilliance for 56 gold pieces
  4276 | Orc:2    | Gained mutation: Your body sometimes deteriorates upon taking damage. [potion of mutation]
  4276 | Orc:2    | Gained mutation: You possess an exceptional clarity of mind. [potion of mutation]
  4276 | Orc:2    | Gained mutation: You have a pair of small antennae on your head. [potion of mutation]
  4276 | Orc:2    | Gained mutation: You are agile. (Dex +2) [potion of mutation]
  4294 | Orc:2    | Reached skill level 8 in Invocations
  4386 | Orc:2    | Found a roughly hewn altar of Beogh.
  4390 | Orc:2    | Found a staircase to the Elven Halls.
  4594 | Orc:2    | Noticed a soul eater
  4597 | Orc:2    | Reached skill level 9 in Spellcasting
  4606 | Orc:2    | Killed a soul eater
  4658 | Orc:2    | Found Kighek's Food Emporium.
  4663 | Orc:2    | Reached skill level 8 in Fighting
  4663 | Orc:2    | Reached skill level 10 in Unarmed Combat
  4674 | Orc:2    | Found Aplus's Food Shoppe.
  4743 | Orc:2    | Noticed an orc high priest
  4769 | Orc:2    | Reached skill level 9 in Dodging
  4770 | Orc:2    | Killed from afar by an orc priest

Skill      XL: |  1  2  3  4  5  6  7  8  9 10 11 12 |
---------------+-------------------------------------+-----
Spellcasting   | 5 6 7 8 9 |  9.2
Short Blades   | 1 2 3 4 5 6 7 |  7.6
Long Blades    | 1 2 3 4 5 6 7 |  7.6
Axes           | 1 2 3 4 5 6 7 |  7.6
Maces & Flails | 1 2 3 4 5 6 7 |  7.6
Polearms       | 1 2 3 4 5 6 7 |  7.6
Staves         | 1 2 3 4 5 6 7 |  7.6
Slings         | 1 2 3 4 5 6 7 |  7.6
Bows           | 1 2 3 4 5 6 7 |  7.6
Crossbows      | 1 2 3 4 5 6 7 |  7.6
Throwing       | 1 2 3 4 5 6 7 |  7.6
Armour         | 1 2 3 4 5 6 7 |  7.6
Stealth        | 1 2 3 4 5 6 7 |  7.6
Shields        | 1 2 3 4 5 6 7 |  7.6
Invocations    | 1 2 3 4 5 6 7 8 |  8.3
Evocations     | 1 2 3 4 5 6 7 |  7.6
Fighting       | 3 4 5 6 7 8 |  8.1
Conjurations   | 1 2 3 4 5 6 |  6.3
Hexes          | 1 2 3 4 5 6 |  6.3
Charms         | 1 2 3 4 5 6 |  6.3
Summonings     | 1 2 3 4 5 6 |  6.3
Necromancy     | 1 2 3 4 5 6 |  6.3
Translocations | 1 2 3 4 5 6 |  6.3
Transmutations | 4 5 6 7 |  7.4
Fire Magic     | 1 2 3 4 5 6 |  6.3
Ice Magic      | 1 2 3 4 5 6 |  6.3
Air Magic      | 1 2 3 4 5 6 |  6.3
Earth Magic    | 1 2 3 4 5 6 |  6.3
Poison Magic   | 1 2 3 4 5 6 |  6.3
Dodging        | 5 6 7 8 9 |  9.0
Unarmed Combat | 7 8 9 10 | 10.0

Action                   |  1- 3 |  4- 6 |  7- 9 | 10-12 || total
-------------------------+-------+-------+-------+-------++-------
Melee: Unarmed           |    44 |    30 |   227 |   315 ||   616
       Headbutt          |     4 |       |    30 |    31 ||    65
       Bite              |     4 |       |    23 |    54 ||    81
       Punch             |     2 |       |    10 |    15 ||    27
       Kick              |     2 |       |    14 |       ||    16
       Long sword        |       |       |     5 |       ||     5
       Dagger            |       |       |     1 |    24 ||    25
       Mace              |       |       |       |    18 ||    18
Throw: Tomahawk          |       |       |     6 |    38 ||    44
 Cast: Beastly Appendage |    12 |     2 |    27 |    20 ||    61
       Sticks to Snakes  |     1 |     4 |    21 |    10 ||    36
       Spider Form       |     1 |     4 |     2 |       ||     7
       Passwall          |       |       |     5 |     4 ||     9
       Blade Hands       |       |       |       |    27 ||    27
       Statue Form       |       |       |       |     1 ||     1
       Irradiate         |       |       |       |     1 ||     1
Invok: Slouch            |       |       |       |     4 ||     4
 Abil: End Transformatio |       |       |       |     6 ||     6
Evoke: Wand              |       |     2 |     2 |    13 ||    17
  Use: Scroll            |       |     3 |     7 |     6 ||    16
       Potion            |       |     2 |     1 |     7 ||    10
 Stab: Sleeping          |     1 |     2 |     1 |    13 ||    17
       Distracted        |       |       |     4 |       ||     4
       Paralysed         |       |       |     3 |     5 ||     8
  Eat: Chunk             |       |       |     6 |    11 ||    17
Armor: Robe              |     4 |       |       |       ||     4
       Skin              |       |     2 |       |     4 ||     6
       Leather armour    |       |       |    33 |    36 ||    69
Dodge: Dodged            |    27 |    20 |   162 |   257 ||   466
Block: Buckler           |       |       |       |    36 ||    36

Table legend:
 A = Turns spent in this place as a percentage of turns spent in the entire game.
 B = Non-inter-level travel turns spent in this place as a percentage of non-inter-level travel turns spent in the entire game.
 C = Inter-level travel turns spent in this place as a percentage of turns spent in this place.
 D = Turns resting spent in this place as a percentage of non-inter-level travel turns spent in this place.
 E = Turns spent auto-exploring this place as a percentage of non-inter-level travel turns spent in this place.
 F = Non-inter-level travel turns spent in this place divided by the number of levels of this place that you've seen.
                   A       B       C       D       E      F
               +-------+-------+-------+-------+-------+----------------------
         Total | 100.0 | 100.0 |   0.6 |   0.0 |   0.0 | 296.3
       Dungeon |  75.1 |  75.1 |   0.6 |   0.0 |   0.0 | 296.8
        Temple |   1.2 |   1.1 |  15.3 |   0.0 |   0.0 |  50.0
  Orcish Mines |  17.2 |  17.3 |   0.0 |   0.0 |   0.0 | 410.0
         Sewer |   6.5 |   6.5 |   0.0 |   0.0 |   0.0 | 310.0
               +-------+-------+-------+-------+-------+----------------------

Table legend:
 A = Kills in this place as a percentage of kills in entire the game.
 B = Kills by you in this place as a percentage of kills by you in the entire game.
 C = Kills by friends in this place as a percentage of kills by friends in the entire game.
 D = Other kills in this place as a percentage of other kills in the entire game.
 E = Experience gained in this place as a percentage of experience gained in the entire game.
 F = Experience gained in this place divided by the number of levels of this place that you have seen.
                   A       B       C       D       E      F
               +-------+-------+-------+-------+-------+----------------------
         Total | 100.0 | 100.0 | 100.0 |   N/A | 100.0 | 1926.1
       Dungeon |  59.8 |  61.0 |  35.3 |   N/A |  63.2 | 1622.8
  Orcish Mines |  26.6 |  27.1 |  17.6 |   N/A |  35.5 | 5464.5
         Sewer |  13.6 |  11.9 |  47.1 |   N/A |   1.3 | 416.0
               +-------+-------+-------+-------+-------+----------------------

Vault maps used:
D:1:      elethiomel_arrival_shortcut, corexii_leaking_fountain,
          due_unseen_surprise
D:2:      chequers_temple_overflow_statue_of_worship
D:3:      lemuel_doored_altar, first_ration, uniq_terence, uniq_grinder,
          uniq_sigmund
D:6:      serial_shops, nicolae_shop_crystal, portal_sewer_entry_b
D:7:      minmay_temple_entry_glass
D:9:      marbit_many_paths, hangedman_little_slice_of_home,
          minmay_sticks_and_stones, uniq_erica, uniq_erolcha,
          uniq_prince_ribbit1
D:10:     david_lair_shrubbed, dk_yredelemnul_ordeal
D:11:     orc_0_dummy, basic_altar, uniq_josephine
D:12:     serial_bayou_pond_b
Temple:   eino_temple_rhombus
Orc:1:    serial_shops, nicolae_shop_overgrown_old_shop
Orc:2:    pf_orc_diabolical, serial_shops, shop, lemuel_statue_altar
Sewer:    sewer_minmay_treatment
